PIO (24 & UNDER)
CHULA VISTA TACOS @ SEATTLE RAINIERS
06/02/2027
 
TOP OF THE 1ST
Chula Vista Tacos batting - Pitching for Seattle Rainiers : RHP Brandon Sweet
Pitching: RHP Brandon Sweet
Batting: RHB Manny Torrez 0-0: Called Strike
0-1: Swinging Strike
0-2: Foul Ball, location: 2F
0-2: Ball
1-2: Ball
2-2: Ball
3-2: Strikes out swinging
Batting: RHB Gerald Davis 0-0: Ball
1-0: Ground out 6-3 (Groundball, 6)
Batting: LHB John White 0-0: Ball
1-0: Foul Ball, location: 2F
1-1: Fly out, F9 (Flyball, 9S)
Top of the 1st over - 0 run(s), 0 hit(s), 0 error(s), 0 left on base; Chula Vista 0 - Seattle 0
BOTTOM OF THE 1ST
Seattle Rainiers batting - Pitching for Chula Vista Tacos : LHP Sloan Sanders
Pitching: LHP Sloan Sanders
Batting: RHB Alfredo Farías 0-0: Swinging Strike
0-1: Fly out, F8 (Line Drive, 8RM)
Batting: RHB José Vidal 0-0: Swinging Strike
0-1: Called Strike
0-2: Ball
1-2: SINGLE (Line Drive, 9LS)
Batting: RHB Enrique Soto 0-0: Called Strike
0-1: Ball
José Vidal is caught stealing 2nd base
1-1: Hit by Pitch
Batting: RHB Doug Williams 0-0: Ball
1-0: SINGLE (Groundball, 6MD)
Enrique Soto to second
Batting: LHB Carlos Valentín 0-0: Fly out, F9 (Line Drive, 89M)
Bottom of the 1st over - 0 run(s), 2 hit(s), 0 error(s), 2 left on base; Chula Vista 0 - Seattle 0
TOP OF THE 2ND
Chula Vista Tacos batting - Pitching for Seattle Rainiers : RHP Brandon Sweet
Batting: LHB Joe Baker 0-0: Ball
1-0: Swinging Strike
1-1: Swinging Strike
1-2: Ball
2-2: Ground out 6-3 (Groundball, 6)
Batting: RHB Preston Wooten 0-0: Ground out 6-3 (Groundball, 6)
Batting: LHB Gonzalo Benítez 0-0: Foul Ball, location: 2F
0-1: Ball
1-1: Ball
2-1: Ball
3-1: Swinging Strike
3-2: Base on Balls
Batting: RHB Ron Garrett 0-0: Ball
1-0: Ball
Gonzalo Benítez steals 2nd base
2-0: Ground out 6-3 (Groundball, 6S)
Top of the 2nd over - 0 run(s), 0 hit(s), 0 error(s), 1 left on base; Chula Vista 0 - Seattle 0
BOTTOM OF THE 2ND
Seattle Rainiers batting - Pitching for Chula Vista Tacos : LHP Sloan Sanders
Batting: SHB Fernando Borges 0-0: Called Strike
0-1: Ball
1-1: Swinging Strike
1-2: Strikes out swinging
Batting: SHB Claas van der Kuijl 0-0: Called Strike
0-1: Ball
1-1: Foul Ball, location: 2F
1-2: SINGLE (Groundball, 56D)
Batting: SHB Júlio Ayala 0-0: Foul Ball, location: 2F
0-1: Ball
1-1: Foul Ball, location: 2F
1-2: Fly out, F8 (Flyball, 8LM)
Batting: LHB Kelsey Scott 0-0: Called Strike
0-1: Ball
1-1: Foul Ball, location: 2F
1-2: Fielders Choice at 2nd, 4-6 (Groundball, 4)
Bottom of the 2nd over - 0 run(s), 1 hit(s), 0 error(s), 0 left on base; Chula Vista 0 - Seattle 0
TOP OF THE 3RD
Chula Vista Tacos batting - Pitching for Seattle Rainiers : RHP Brandon Sweet
Batting: LHB Roderick Delgado 0-0: Ball
1-0: Ball
2-0: TRIPLE (Flyball, 8RXD)
Batting: RHB José Oliveira 0-0: Called Strike
0-1: Swinging Strike
0-2: Strikes out swinging
Batting: RHB Manny Torrez 0-0: Ball
1-0: Ball
2-0: Ball
3-0: Called Strike
3-1: Base on Balls
Batting: RHB Gerald Davis 0-0: Ball
1-0: Fly out, F3 (Popup, 3S)
Batting: LHB John White 0-0: Ball
1-0: Ball
2-0: Ball
3-0: Base on Balls
Manny Torrez to second
Batting: LHB Joe Baker 0-0: Ball
1-0: Ball
2-0: Swinging Strike
2-1: Ball
3-1: Foul Ball, location: 2F
3-2: Strikes out swinging
Top of the 3rd over - 0 run(s), 1 hit(s), 0 error(s), 3 left on base; Chula Vista 0 - Seattle 0
BOTTOM OF THE 3RD
Seattle Rainiers batting - Pitching for Chula Vista Tacos : LHP Sloan Sanders
Batting: RHB Alfredo Farías 0-0: Ball
1-0: Called Strike
1-1: Swinging Strike
1-2: Ball
2-2: Ball
3-2: DOUBLE (Line Drive, 89M)
Batting: RHB José Vidal 0-0: Ball
1-0: Ball
2-0: Called Strike
2-1: Swinging Strike
2-2: Ball
3-2: Strikes out swinging
Batting: RHB Enrique Soto 0-0: Foul Ball, location: 2F
0-1: Ball
Alfredo Farías steals 3rd base
1-1: Swinging Strike
1-2: Ball
2-2: Ball
3-2: Fly out, F7 (Flyball, 7S)
Batting: RHB Doug Williams 0-0: Foul Ball, location: 2F
0-1: Swinging Strike
0-2: Ball
1-2: Strikes out swinging
Bottom of the 3rd over - 0 run(s), 1 hit(s), 0 error(s), 1 left on base; Chula Vista 0 - Seattle 0
TOP OF THE 4TH
Chula Vista Tacos batting - Pitching for Seattle Rainiers : RHP Brandon Sweet
Batting: RHB Preston Wooten 0-0: Ball
1-0: TRIPLE (Flyball, 7D)
Batting: LHB Gonzalo Benítez 0-0: Hit by Pitch
Batting: RHB Ron Garrett 0-0: Ball
Gonzalo Benítez is caught stealing 2nd base
1-0: Reached on error, E4 (Groundball, 4)
Preston Wooten scores
Batting: LHB Roderick Delgado 0-0: Reached on error, E6 (Groundball, 56)
Ron Garrett to second
Batting: RHB José Oliveira 0-0: Ball
1-0: Called Strike
1-1: Ball
2-1: Swinging Strike
2-2: Strikes out swinging
Batting: RHB Manny Torrez 0-0: Ball
1-0: Foul Ball, location: 2F
1-1: Fly out, F8 (Flyball, 8LXD)
Top of the 4th over - 1 run(s), 1 hit(s), 2 error(s), 2 left on base; Chula Vista 1 - Seattle 0
BOTTOM OF THE 4TH
Seattle Rainiers batting - Pitching for Chula Vista Tacos : LHP Sloan Sanders
Batting: LHB Carlos Valentín 0-0: Called Strike
0-1: Swinging Strike
0-2: Ball
1-2: Fly out, F9 (Flyball, 89M)
Batting: SHB Fernando Borges 0-0: Ball
1-0: Foul Ball, location: 2F
1-1: Ball
2-1: Fly out, F7 (Flyball, 7S)
Batting: SHB Claas van der Kuijl 0-0: Ball
1-0: Ball
2-0: Fly out, F7 (Flyball, 7)
Bottom of the 4th over - 0 run(s), 0 hit(s), 0 error(s), 0 left on base; Chula Vista 1 - Seattle 0
TOP OF THE 5TH
Chula Vista Tacos batting - Pitching for Seattle Rainiers : RHP Brandon Sweet
Batting: RHB Gerald Davis 0-0: SINGLE (Flyball, 9LS)
Batting: LHB John White 0-0: Called Strike
0-1: Fly out, F8 (Line Drive, 78M)
Batting: LHB Joe Baker 0-0: Ball
1-0: Foul Ball, location: 2F
1-1: Called Strike
1-2: Ball
2-2: Ball
3-2: Strikes out swinging
Batting: RHB Preston Wooten 0-0: Called Strike
0-1: Foul Ball, location: 2F
0-2: Foul Ball, location: 2F
0-2: Foul Ball, location: 2F
0-2: Ball
1-2: Strikes out looking
Top of the 5th over - 0 run(s), 1 hit(s), 0 error(s), 1 left on base; Chula Vista 1 - Seattle 0
BOTTOM OF THE 5TH
Seattle Rainiers batting - Pitching for Chula Vista Tacos : LHP Sloan Sanders
Batting: SHB Júlio Ayala 0-0: Called Strike
0-1: Ball
1-1: Ball
2-1: Ball
3-1: Foul Ball, location: 2F
3-2: Foul Ball, location: 2F
3-2: SOLO HOME RUN (Flyball, 78XD), Distance : 427 ft
Batting: LHB Kelsey Scott 0-0: Ball
1-0: Fly out, F3 (Popup, 3L)
Batting: RHB Alfredo Farías 0-0: Fly out, F4 (Popup, 4D)
Batting: RHB José Vidal 0-0: Ground out 6-3 (Groundball, 6)
Bottom of the 5th over - 1 run(s), 1 hit(s), 0 error(s), 0 left on base; Chula Vista 1 - Seattle 1
TOP OF THE 6TH
Chula Vista Tacos batting - Pitching for Seattle Rainiers : RHP Brandon Sweet
Batting: LHB Gonzalo Benítez 0-0: Called Strike
0-1: Foul Ball, location: 2F
0-2: Ball
1-2: Hit by Pitch
Pitching: RHP Terence Wilson
Batting: RHB Ron Garrett 0-0: Grounds into double play, 4-6-3 (Groundball, 4M)
Batting: LHB Roderick Delgado 0-0: Ball
1-0: Called Strike
1-1: Ball
2-1: Swinging Strike
2-2: Ball
3-2: Strikes out looking
Top of the 6th over - 0 run(s), 0 hit(s), 0 error(s), 0 left on base; Chula Vista 1 - Seattle 1
BOTTOM OF THE 6TH
Seattle Rainiers batting - Pitching for Chula Vista Tacos : LHP Sloan Sanders
Batting: RHB Enrique Soto 0-0: Called Strike
0-1: DOUBLE (Line Drive, 8LD)
Batting: RHB Doug Williams 0-0: Intentional Walk
Batting: LHB Carlos Valentín 0-0: Grounds into double play, 6-4-3 (Groundball, 6)
Enrique Soto to third
Batting: SHB Fernando Borges 0-0: Called Strike
0-1: Ball
1-1: Swinging Strike
1-2: Fly out, F7 (Line Drive, 7)
Bottom of the 6th over - 0 run(s), 1 hit(s), 0 error(s), 1 left on base; Chula Vista 1 - Seattle 1
TOP OF THE 7TH
Chula Vista Tacos batting - Pitching for Seattle Rainiers : RHP Terence Wilson
Batting: RHB José Oliveira 0-0: Ball
1-0: Swinging Strike
1-1: Ball
2-1: SOLO HOME RUN (Flyball, 78XD), Distance : 423 ft
Batting: RHB Manny Torrez 0-0: Called Strike
0-1: SINGLE (Groundball, 6D)
Batting: RHB Gerald Davis 0-0: Called Strike
Manny Torrez steals 2nd base
0-1: Foul Ball, location: 2F
0-2: Strikes out swinging
Batting: LHB John White 0-0: Intentional Walk
Batting: LHB Joe Baker 0-0: Called Strike
Manny Torrez is caught stealing 3rd base
John White to second
0-1: Ball
1-1: Intentional Walk
Pinch Hitting: LHB Steven Smith 0-0: Foul Ball, location: 2F
0-1: Ball
1-1: Ball
Wild Pitch!
John White to third
Joe Baker to second
2-1: Intentional Walk
Pitching: RHP Alan Mayes
Batting: LHB Gonzalo Benítez 0-0: Ball
1-0: Foul Ball, location: 2F
1-1: Swinging Strike
1-2: Foul Ball, location: 2F
1-2: Strikes out looking
Top of the 7th over - 1 run(s), 2 hit(s), 0 error(s), 3 left on base; Chula Vista 2 - Seattle 1
BOTTOM OF THE 7TH
Seattle Rainiers batting - Pitching for Chula Vista Tacos : LHP Sloan Sanders
Now at 2B: Brandon Owen
Batting: SHB Claas van der Kuijl 0-0: Ball
1-0: DOUBLE (Line Drive, 8RD)
Pitching: LHP Alejandro Flores
Pinch Hitting: RHB Danny Spode 0-0: Called Strike
0-1: Ball
1-1: Called Strike
1-2: Ball
2-2: Foul Ball, location: 2F
2-2: Ball
3-2: Base on Balls
Batting: LHB Kelsey Scott 0-0: Ball
1-0: Called Strike
1-1: Bunted foul
1-2: Foul Ball, location: 2F
1-2: Foul Ball, location: 2F
1-2: Ball
2-2: Foul Ball, location: 2F
2-2: SINGLE (Flyball, 89S)
Claas van der Kuijl to third
Danny Spode to second
Batting: RHB Alfredo Farías 0-0: SINGLE (Groundball, 56D)
Claas van der Kuijl scores
Danny Spode to third
Kelsey Scott to second
Batting: RHB José Vidal 0-0: Ball
1-0: Foul Ball, location: 2F
1-1: Ball
2-1: Ball
3-1: Base on Balls
Danny Spode scores
Kelsey Scott to third
Alfredo Farías to second
Batting: RHB Enrique Soto 0-0: Fly out, F7 (Flyball, 78S)
Batting: RHB Doug Williams 0-0: Ball
1-0: Ball
2-0: Called Strike
2-1: Grounds into fielders choice 4-2 (Groundball, 4)
Alfredo Farías to third
José Vidal to second
Pinch Hitting: SHB Eduardo Sánchez 0-0: Ball
1-0: Called Strike
1-1: Hit by Pitch
Alfredo Farías scores
José Vidal to third
Doug Williams to second
Pitching: LHP Brock Saunders
Batting: SHB Fernando Borges 0-0: Ball
1-0: Called Strike
1-1: Ball
2-1: Swinging Strike
2-2: Strikes out swinging
Bottom of the 7th over - 3 run(s), 3 hit(s), 0 error(s), 3 left on base; Chula Vista 2 - Seattle 4
TOP OF THE 8TH
Chula Vista Tacos batting - Pitching for Seattle Rainiers : RHP Alan Mayes
Now at 1B: Eduardo Sánchez
Now at 3B: Danny Spode
Batting: RHB Ron Garrett 0-0: SOLO HOME RUN (Flyball, 8LXD), Distance : 445 ft
Pitching: RHP Jesús Arredondo
Batting: LHB Roderick Delgado 0-0: Fly out, F9 (Flyball, 89M)
Batting: RHB José Oliveira 0-0: Ball
1-0: SOLO HOME RUN (Flyball, 8LXD), Distance : 443 ft
Batting: RHB Manny Torrez 0-0: Called Strike
0-1: Called Strike
0-2: Strikes out looking
Batting: RHB Gerald Davis 0-0: Ball
1-0: Ball
2-0: Ball
3-0: Called Strike
3-1: Foul Ball, location: 2F
3-2: Base on Balls
Batting: LHB John White 0-0: Ball
1-0: Foul Ball, location: 2F
1-1: SINGLE (Line Drive, 6M)
Gerald Davis to second
Batting: LHB Joe Baker 0-0: Foul Ball, location: 2F
0-1: Fielders Choice at 2nd, 4-6 (Groundball, 4D)
Top of the 8th over - 2 run(s), 3 hit(s), 0 error(s), 1 left on base; Chula Vista 4 - Seattle 4
BOTTOM OF THE 8TH
Seattle Rainiers batting - Pitching for Chula Vista Tacos : LHP Brock Saunders
Batting: SHB Claas van der Kuijl 0-0: Swinging Strike
0-1: Ball
1-1: Swinging Strike
1-2: Strikes out swinging
Batting: RHB Danny Spode 0-0: Ball
1-0: Ball
2-0: Ball
3-0: Base on Balls
Batting: LHB Kelsey Scott 0-0: Ball
1-0: Swinging Strike
1-1: Swinging Strike
1-2: Ball
2-2: Strikes out swinging
Batting: RHB Alfredo Farías 0-0: Called Strike
0-1: Reached on error, E5 (Groundball, 56)
Danny Spode to second
Batting: RHB José Vidal 0-0: Called Strike
0-1: Foul Ball, location: 2F
0-2: Strikes out swinging
Bottom of the 8th over - 0 run(s), 0 hit(s), 1 error(s), 2 left on base; Chula Vista 4 - Seattle 4
TOP OF THE 9TH
Chula Vista Tacos batting - Pitching for Seattle Rainiers : RHP Jesús Arredondo
Pitching: LHP William Gordon
Pinch Hitting: RHB Juan Morales 0-0: Ball
1-0: Foul Ball, location: 2F
1-1: Ball
2-1: Foul Ball, location: 2F
2-2: Ball
3-2: Strikes out looking
Pinch Hitting: RHB Ray Rogers 0-0: Ball
1-0: Foul Ball, location: 2F
1-1: Foul Ball, location: 2F
1-2: Ball
2-2: Ball
3-2: Foul Ball, location: 2F
3-2: Foul Ball, location: 2F
3-2: SINGLE (Line Drive, 8LS)
Batting: RHB Ron Garrett 0-0: Fly out, F9 (Flyball, 9LS)
Pinch Hitting: RHB Dave King 0-0: Called Strike
0-1: Called Strike
0-2: Strikes out looking
Top of the 9th over - 0 run(s), 1 hit(s), 0 error(s), 1 left on base; Chula Vista 4 - Seattle 4
BOTTOM OF THE 9TH
Seattle Rainiers batting - Pitching for Chula Vista Tacos : LHP Brock Saunders
Now at 3B: Ray Rogers
Now in LF: Guillermo Deleón
Now in CF: Juan Morales
Batting: RHB Enrique Soto 0-0: Called Strike
0-1: Swinging Strike
0-2: Ball
1-2: Strikes out swinging
Batting: RHB Doug Williams 0-0: Ball
1-0: Swinging Strike
1-1: Fly out, F9 (Flyball, 9LS)
Batting: SHB Eduardo Sánchez 0-0: Ball
1-0: Foul Ball, location: 2F
1-1: Ball
2-1: Foul Ball, location: 2F
2-2: Ball
3-2: Ground out 5-3 (Groundball, 56)
Bottom of the 9th over - 0 run(s), 0 hit(s), 0 error(s), 0 left on base; Chula Vista 4 - Seattle 4
TOP OF THE 10TH
Chula Vista Tacos batting - Pitching for Seattle Rainiers : LHP William Gordon
Batting: RHB José Oliveira 0-0: Ball
1-0: Ball
2-0: Ball
3-0: Called Strike
3-1: Called Strike
3-2: Base on Balls
Batting: RHB Manny Torrez 0-0: Called Strike
0-1: Ball
1-1: Bunted foul
1-2: SINGLE (Flyball, 9S)
José Oliveira to second
Runner from 2nd tries for 3rd, SAFE, throw made to third
Batting: RHB Gerald Davis 0-0: Ball
1-0: Ground out 4-3 (Groundball, 4MS)
Manny Torrez to second
Batting: LHB John White 0-0: Intentional Walk
Batting: LHB Joe Baker 0-0: Ball
1-0: Called Strike
1-1: Ball
2-1: Ball
3-1: Fly out, F3 (Line Drive, 34)
Batting: RHB Juan Morales 0-0: Fielders Choice at 2nd, 6-4 (Groundball, 6)
Top of the 10th over - 0 run(s), 1 hit(s), 0 error(s), 2 left on base; Chula Vista 4 - Seattle 4
BOTTOM OF THE 10TH
Seattle Rainiers batting - Pitching for Chula Vista Tacos : LHP Brock Saunders
Pitching: RHP Rick Hernández
Batting: SHB Fernando Borges 0-0: Ground out 4-3 (Groundball, 4)
Pinch Hitting: RHB John Hill 0-0: Ground out 6-3 (Groundball, 6)
Batting: RHB Danny Spode 0-0: Ball
1-0: Ball
2-0: Called Strike
2-1: Ball
3-1: Called Strike
3-2: Strikes out swinging
Bottom of the 10th over - 0 run(s), 0 hit(s), 0 error(s), 0 left on base; Chula Vista 4 - Seattle 4
TOP OF THE 11TH
Chula Vista Tacos batting - Pitching for Seattle Rainiers : LHP William Gordon
Pitching: RHP Tony Zamora
Now at C: Rodrigo García
Batting: RHB Ray Rogers 0-0: Ball
1-0: Called Strike
1-1: Called Strike
1-2: Ball
2-2: SINGLE (Line Drive, 78M)
Batting: RHB Ron Garrett 0-0: Called Strike
0-1: Sac Bunt - play at second, runner OUT! 2-6
Pinch Hitting: LHB Arturo Silva 0-0: Ball
1-0: Swinging Strike
1-1: Foul Ball, location: 2F
1-2: Fly out, F8 (Flyball, 8RD)
Batting: RHB José Oliveira 0-0: Ball
1-0: Fielders Choice at 2nd, 6-4 (Groundball, 6)
Top of the 11th over - 0 run(s), 1 hit(s), 0 error(s), 0 left on base; Chula Vista 4 - Seattle 4
BOTTOM OF THE 11TH
Seattle Rainiers batting - Pitching for Chula Vista Tacos : RHP Rick Hernández
Now in LF: Javier González
Batting: LHB Kelsey Scott 0-0: Called Strike
0-1: Ball
1-1: Called Strike
1-2: Ball
2-2: Strikes out looking
Batting: RHB Alfredo Farías 0-0: Called Strike
0-1: Ball
1-1: Ball
2-1: SINGLE (Line Drive, 56D)
Batting: RHB José Vidal 0-0: Ball
1-0: DOUBLE (Line Drive, 7LM)
Alfredo Farías to third
Runner from 3rd tries for Home, throw and OUT!
José Vidal to third
Batting: RHB Enrique Soto 0-0: Called Strike
0-1: Ball
1-1: Fly out, F9 (Flyball, 89M)
Bottom of the 11th over - 0 run(s), 2 hit(s), 0 error(s), 1 left on base; Chula Vista 4 - Seattle 4
TOP OF THE 12TH
Chula Vista Tacos batting - Pitching for Seattle Rainiers : RHP Tony Zamora
Batting: RHB Manny Torrez 0-0: Foul Ball, location: 2F
0-1: Ball
1-1: Called Strike
1-2: Ball
2-2: Ball
3-2: Ground out 6-3 (Groundball, 6)
Batting: RHB Gerald Davis 0-0: DOUBLE (Line Drive, 78M)
Batting: LHB John White 0-0: Intentional Walk
Batting: LHB Joe Baker 0-0: Ball
1-0: Called Strike
1-1: Ball
2-1: Ball
3-1: Foul Ball, location: 2F
3-2: Base on Balls
Gerald Davis to third
John White to second
Batting: RHB Juan Morales 0-0: Ball
1-0: Ball
2-0: Called Strike
2-1: Ball
3-1: Base on Balls
Gerald Davis scores
John White to third
Joe Baker to second
Batting: RHB Ray Rogers 0-0: Fly out, F4 (Popup, 34D)
Batting: RHB Ron Garrett 0-0: Ball
1-0: Called Strike
1-1: Ball
2-1: Fly out, F8 (Flyball, 8LD)
Top of the 12th over - 1 run(s), 1 hit(s), 0 error(s), 3 left on base; Chula Vista 5 - Seattle 4
BOTTOM OF THE 12TH
Seattle Rainiers batting - Pitching for Chula Vista Tacos : RHP Rick Hernández
Pitching: RHP Bobby Booker
Batting: RHB Doug Williams 0-0: Ball
1-0: Called Strike
1-1: Foul Ball, location: 2F
1-2: Ground out 6-3 (Groundball, 6M)
Batting: SHB Eduardo Sánchez 0-0: Called Strike
0-1: Ball
1-1: Ground out 4-3 (Groundball, 4)
Batting: SHB Fernando Borges 0-0: SINGLE (Line Drive, 6D)
Batting: RHB Rodrigo García 0-0: Ball
1-0: Ball
2-0: Ball
3-0: Fly out, F5 (Popup, 5L)
Bottom of the 12th over - 0 run(s), 1 hit(s), 0 error(s), 1 left on base; Chula Vista 5 - Seattle 4
Thursday, March 30th, 2017 - OOTP Baseball 17.12 Build 75